 Dungeon Crawl Stone Soup version 0.25-a0-670-g50981ef59b (webtiles) character file.

Game seed: 12960582855686218568, levelgen mode: deterministic

368 Darkdwarf the Covered (level 6, 0/56 HPs)
             Began as a Deep Dwarf Fighter on Mar 29, 2020.
             Was an Initiate of Makhleb.
             Slain by a gnoll
             ... wielding a +0 flail
              (7 damage)
             ... on level 4 of the Dungeon.
             The game lasted 00:04:28 (1474 turns).

Darkdwarf the Covered (Deep Dwarf Fighter)          Turns: 1474, Time: 00:04:29

Health: 0/56       AC:  8    Str: 22    XL:     6   Next: 41%
Magic:  6/6        EV:  8    Int:  8    God:    Makhleb [......]
Gold:   137        SH: 10    Dex: 12    Spells: 5/5 levels left

rFire    . . .     SeeInvis .   a - +0 flail
rCold    . . .     Gourm    .   c - +0 kite shield
rNeg     . . .     Faith    .   b - +0 scale mail
rPois    .         Spirit   .   l - +0 hat
rElec    .         Reflect  .   m - +0 cloak (curse)
rCorr    .         Harm     .   (no gloves)
MR       .....                  (no boots)
Stlth    ..........             (no amulet)
HPRegen  0.00/turn              (no ring)
MPRegen  0.10/turn              (no ring)

@: non-regenerating, glowing
A: damage resistance, heal wounds, sense surroundings 1, no regeneration
a: Heal Wounds, Renounce Religion


You were on level 4 of the Dungeon.
You worshipped Makhleb.
Makhleb was noncommittal.
You were hungry.

You visited 1 branch of the dungeon, and saw 4 of its levels.

You collected 137 gold pieces.

Inventory:

Hand Weapons
 a - a +0 flail (weapon)
Armour
 b - a +0 scale mail (worn)
 c - a +0 kite shield (worn)
 l - a +0 hat (worn)
 m - a cursed +0 cloak (worn)
 q - a cursed +0 pair of boots
Wands
 p - a wand of paralysis (10)
Scrolls
 g - 3 scrolls of identify {unknown}
 i - 2 scrolls of enchant armour {unknown}
 j - 5 scrolls of teleportation {unknown}
 k - 3 scrolls of remove curse {unknown}
 n - a scroll of blinking {unknown}
 r - a scroll of magic mapping {unknown}
Potions
 d - a potion of might
 e - 7 potions of curing {unknown}
 h - a potion of berserk rage {unknown}
 o - 2 potions of heal wounds {unknown}
Comestibles
 f - 4 rations


   Skills:
 + Level 3.4 Fighting
 + Level 3.5 Maces & Flails
 * Level 5.6 Armour
 + Level 1.5 Dodging
 + Level 4.5 Shields


You had 5 spell levels left.
You didn't know any spells.
Your spell library was empty.

Dungeon Overview and Level Annotations

Branches:
Dungeon (3/15)

Altars:
Makhleb


Innate Abilities, Weirdness & Mutations

You are resistant to damage.
You can heal yourself by infusing magical energy.
You passively map a small area around you.
You do not regenerate.


Message History

The gnoll is healed somewhat.
The quokka bites you but does no damage.
The gnoll hits you with a +0 flail.
You sock the gnoll!
The gnoll is severely wounded.
The gnoll hits you but does no damage. The quokka bites you.
The frilled lizard bites you but does no damage.
The gnoll shaman invokes the aid of its god against you.
You are outlined in light.
The gnoll hits you with a +0 flail. The gnoll hits you but does no damage.
You block the quokka's attack. The frilled lizard barely misses you.
The gnoll shaman hits you with a +0 whip.
* * * LOW HITPOINT WARNING * * *
You hit the gnoll.
The gnoll is almost dead.
You block the gnoll's attack. x2; You block the quokka's attack.
The gnoll hits you with a +3 whip!
* * * LOW HITPOINT WARNING * * *
The frilled lizard barely misses you. The gnoll hits you with a +0 flail!
You die...

,, #. #.....'.....#..#...
,* #..##.#.##.....#..##..
,
###..##.#.##.....##..#..
..........##.....##.....
..<.......#########....#
, ..........<## #..#.#
............####.*#..#.#
,
,.$!...ggr...(....#<..#.#
......)@......##.##)...#
, ,......g)l......#
#..### ...............#
#.. * ............$..# *
, , ....?............, ,
...............##
...............# ,
...............# <


You could see a gnoll shaman, 2 gnolls, a quokka and a frilled lizard.

Vanquished Creatures
  A black bear (D:2)
  An ogre (D:4)
  A bullfrog (D:4)
  2 gnolls
  5 adders
  A worm (D:2)
  3 dart slugs
  6 giant cockroaches
  9 hobgoblins
  5 jackals
  A quokka (D:2)
  4 ball pythons
  2 bats (D:1)
  5 frilled lizards
  4 goblins
  10 kobolds
  6 rats
66 creatures vanquished.

Notes
Turn   | Place    | Note
-------+----------+-------------------------------------------
     0 | D:1      | Darkdwarf the Deep Dwarf Fighter began the quest for the
                  | Orb.
     0 | D:1      | Reached XP level 1. HP: 20/20 MP: 1/1
   163 | D:1      | Reached XP level 2. HP: 25/27 MP: 2/2
   218 | D:1      | Reached skill level 4 in Armour
   219 | D:1      | Reached XP level 3. HP: 25/33 MP: 3/3
   812 | D:2      | Reached XP level 4. HP: 28/42 MP: 4/4
  1090 | D:2      | Noticed a black bear
  1100 | D:2      | Killed a black bear
  1100 | D:2      | Reached XP level 5. HP: 20/49 MP: 5/5
  1151 | D:2      | Found a burning altar of Makhleb.
  1151 | D:2      | Noticed an Executioner
  1154 | D:2      | Noticed a neqoxec
  1154 | D:2      | Noticed a hellwing
  1156 | D:2      | Became a worshipper of Makhleb the Destroyer
  1359 | D:3      | You fall into a shaft and drop 1 floor!
  1395 | D:4      | Reached skill level 1 in Dodging
  1449 | D:4      | Noticed an ogre
  1466 | D:4      | Reached skill level 5 in Armour
  1466 | D:4      | Reached XP level 6. HP: 39/56 MP: 6/6
  1474 | D:4      | Slain by a gnoll

Levels and vault maps discovered:
D:1:      sevenhm_arrival_forest_fort_large_2, layout_basic
D:2:      layout_basic, makhleb_altar_promises_db
D:3:      layout_loops_corners, portal_sewer_entry_a
D:4:      layout_basic, minmay_misc_feat_iff

Skill      XL: |  1  2  3  4  5 |
---------------+----------------+-----
Armour         | 4 5 |  5.6
Fighting       | 3 |  3.4
Shields        | 4 |  4.5
Maces & Flails | 3 |  3.5
Dodging        | 1 |  1.5

Action                   |  1- 3 |  4- 6 || total
-------------------------+-------+-------++-------
Melee: Flail             |   131 |   132 ||   263
 Abil: Heal Wounds       |       |     4 ||     4
  Eat: Chunk             |       |     2 ||     2
Armor: Scale mail        |    44 |   121 ||   165
Dodge: Dodged            |    34 |   107 ||   141
Block: Kite shield       |    62 |   130 ||   192

Table legend:
 A = Non-vault XP
 B = Vault XP
 C = Vault XP percentage of total XP
 D = Non-vault monster count
 E = Vault monster count
 F = Vault count percentage of total count
                 A         B        C        D         E       F
            +---------+---------+-------+---------+---------+-------
      Total |     527 |       0 |   0.0 |      66 |       0 |   0.0
            +---------+---------+-------+---------+---------+-------
        D:1 |      60 |       0 |   0.0 |      30 |       0 |   0.0
        D:2 |     196 |       0 |   0.0 |      26 |       0 |   0.0
        D:3 |       5 |       0 |   0.0 |       4 |       0 |   0.0
        D:4 |     266 |       0 |   0.0 |       6 |       0 |   0.0
            +---------+---------+-------+---------+---------+-------
